 Dungeon Crawl Stone Soup version 0.29.0-11-gd7f09526c8 (webtiles) character file.

Game seed: 649495129825578158

215 Flugkiller the Chopper (level 5, 0/47 HPs)
             Began as a Minotaur Fighter on Sept 6, 2022.
             Slain by a steam dragon (3 damage)
             ... on level 5 of the Dungeon.
             The game lasted 00:01:05 (3064 turns).

Flugkiller the Chopper (Minotaur Fighter)           Turns: 3064, Time: 00:01:06

Health: 0/47       AC: 12    Str: 21    XL:     5   Next: 60%
Magic:  4/4        EV:  9    Int:  5    God:
Gold:   233        SH:  4    Dex: 11    Spells: 4/4 levels left

rFire   . . .      SeeInvis .   a - +0 war axe
rCold   . . .      Faith    .   c - +0 buckler
rNeg    . . .      Spirit   .   b - +0 scale mail
rPois   .          Reflect  .   (helmet restricted)
rElec   .          Harm     .   (no cloak)
rCorr   .          Rampage  .   x - +0 pair of gloves
Will    .....                   (no boots)
Stlth   ..........              (no amulet)
HPRegen 0.15/turn               p - +4 ring of protection
MPRegen 0.09/turn               (no ring)

@: mighty
A: horns 2, retaliatory headbutt
a: no special abilities


You were on level 5 of the Dungeon.
You visited 1 branch of the dungeon, and saw 5 of its levels.

You collected 233 gold pieces.

Inventory:

Hand Weapons
 a - a +0 war axe (weapon)
Missiles
 q - a throwing net (quivered)
Armour
 b - a +0 scale mail (worn)
 c - a +0 buckler (worn)
 x - a +0 pair of gloves (worn)
   (You found it on level 4 of the Dungeon)
Jewellery
 p - a +4 ring of protection (left hand)
   (You found it on level 2 of the Dungeon)
 v - a ring of positive energy
   (You found it on level 3 of the Dungeon)
Scrolls
 e - a scroll of immolation {unknown}
 g - 3 scrolls of noise {unknown}
 j - a scroll of enchant weapon {unknown}
 l - a scroll of teleportation {unknown}
 m - 4 scrolls of identify {unknown}
 n - a scroll of poison {unknown}
 r - 2 scrolls of fear {unknown}
 t - 2 scrolls of amnesia {unknown}
Potions
 f - a potion of flight {unknown}
 h - 3 potions of brilliance {unknown}
 i - 4 potions of lignification {unknown}
 k - a potion of mutation {unknown}
 o - a potion of degeneration {unknown}
 s - a potion of curing {unknown}
 u - a potion of cancellation {unknown}
 w - a potion of resistance {unknown}


   Skills:
 + Level 4.9 Fighting
 * Level 5.3 Axes
 + Level 4.9 Armour
 - Level 3.6 Shields


You had 4 spell levels left.
You didn't know any spells.
Your spell library was empty.

Dungeon Overview and Level Annotations

Branches:
Dungeon (5/15)
 Temple: D:4-7

Altars:
Makhleb
Uskayaw


Innate Abilities, Weirdness & Mutations

You have a pair of horns on your head.
You reflexively headbutt those who attack you in melee.


Message History

Found 8 stones.
You hit the adder. Your headbutt misses the adder.
The adder is lightly wounded.
The adder bites you but does no damage. The adder bites you.
You are poisoned.
The adder poisons you!
You hit the adder but do no damage.
The adder is lightly wounded.
You feel sick. The adder bites you but does no damage.
The adder closely misses you. You furiously retaliate!
You headbutt the adder, but do no damage.
You barely miss the adder.
The adder is lightly wounded.
You feel sick. The adder bites you.
You are more poisoned.
The adder poisons you!
You hit the adder but do no damage.
The adder is lightly wounded.
You feel sick. The adder closely misses you.
The adder bites you but does no damage.
You hit the adder.
The adder is moderately wounded.
You feel sick.
The adder bites you but does no damage. x2
You hit the adder but do no damage. Your headbutt misses the adder.
The adder is moderately wounded.
You feel sick. The adder bites you but does no damage.
An adder is nearby!
An adder is nearby!
You hit the adder but do no damage.
The adder is moderately wounded.
You feel sick. The adder bites you but does no damage.
The adder barely misses you.
You closely miss the adder. Your headbutt misses the adder.
The adder is moderately wounded.
You feel sick. The adder bites you.
You miss the adder.
The adder is moderately wounded.
You feel sick.
You are no longer poisoned.
The adder barely misses you. The adder completely misses you.
You furiously retaliate!
You headbutt the adder! You hit the adder.
You kill the adder!
Found a runed sling.
There is a stone staircase leading down, spattered with blood here.
You see here an adder corpse.
No target in view!
Found 6 stones.
You start resting.
HP restored.
You see here a +1 sling of flaming.
You see here a +0 ring mail of fire resistance.
An orc comes into view. It is wielding a +0 whip.
Found 9 gold pieces and 8 stones.
You see here 9 gold pieces.
You hit the orc but do no damage. You headbutt the orc, but do no damage.
You block the orc's attack.
You barely miss the orc. The orc hits you but does no damage.
The orc hits you with a +0 whip.
You hit the orc but do no damage. The orc hits you but does no damage.
You slash the orc!
You kill the orc!
No target in view!
You now have 233 gold pieces (gained 9).
A steam dragon comes into view.
The steam dragon hisses angrily.
A steam dragon is nearby!
A steam dragon is nearby!
A steam dragon is nearby!
The steam dragon breathes steam at you. The ball of steam hits you!
You barely miss the steam dragon.
You are engulfed in a cloud of scalding steam.
The steam dragon breathes steam at you. The ball of steam hits you!!
* * * LOW HITPOINT WARNING * * *
The steam dragon bites you but does no damage.
The steam dragon misses you.
You hear a shout!
You closely miss the steam dragon. You headbutt the steam dragon.
The steam dragon is lightly wounded.
You are engulfed in a cloud of scalding steam.
* * * LOW HITPOINT WARNING * * *
The steam dragon breathes steam at you. The ball of steam hits you!
* * * LOW HITPOINT WARNING * * *
You are too injured to fight recklessly!
You barely miss the steam dragon. Your headbutt misses the steam dragon.
The steam dragon is lightly wounded.
You block the steam dragon's attack. The steam dragon barely misses you.
You feel very mighty all of a sudden. The steam dragon bites you.
* * * LOW HITPOINT WARNING * * *
The steam dragon claws you but does no damage.
A phantom comes into view.
You slash the steam dragon! Your headbutt misses the steam dragon.
The steam dragon is severely wounded.
The steam dragon closely misses you. You block the steam dragon's attack.
The steam dragon closely misses you. The steam dragon claws you.
You die...

#.(...##.......#
####.....##.......#
.......>.##...(...#
.....##..#######.##
.........# #.#
########.########.#
........<..........#
#...#####.##########
..W...D@.........
#...#####..###### #
#..# #..# #... #.#..
#.##.# .# .#


You could see a steam dragon and a phantom.

Vanquished Creatures
  A jelly (D:4)
  An orc priest (D:3)
  Robin (D:3)
  6 adders
  A worm (D:4)
  2 dart slugs
  8 orcs
  4 endoplasms
  2 giant cockroaches
  16 goblins
  5 hobgoblins
  7 kobolds
  2 quokkas
  6 ball pythons
  5 bats
  A frilled lizard (D:3)
  9 rats
77 creatures vanquished.

Notes
Turn   | Place    | Note
-------+----------+-------------------------------------------
     0 | D:1      | Flugkiller the Minotaur Fighter began the quest for the
                  | Orb.
     0 | D:1      | Reached XP level 1. HP: 19/19 MP: 0/0
   226 | D:1      | Reached skill level 3 in Axes
   226 | D:1      | Reached XP level 2. HP: 24/27 MP: 1/1
   805 | D:2      | Reached XP level 3. HP: 33/33 MP: 2/2
  1279 | D:2      | Found a faded altar of an unknown god.
  1504 | D:3      | Reached skill level 4 in Axes
  1512 | D:3      | Reached XP level 4. HP: 35/41 MP: 3/3
  1640 | D:3      | Found a hide-covered altar of Uskayaw.
  1724 | D:3      | Noticed Robin
  1734 | D:3      | Killed Robin
  2493 | D:3      | Found a burning altar of Makhleb.
  2533 | D:4      | Reached skill level 5 in Axes
  2533 | D:4      | Reached XP level 5. HP: 44/47 MP: 4/4
  2901 | D:5      | Entered Level 5 of the Dungeon
  3057 | D:5      | Noticed a steam dragon
  3063 | D:5      | HP: 2/47 [steam dragon (2)]
  3063 | D:5      | Noticed a phantom
  3064 | D:5      | Slain by a steam dragon

Illustrated notes

Levels and vault maps discovered:
D:1:      dreamdust_arrival_beginning_and_end, layout_loops_ring
D:2:      layout_basic, shapermc_ecumenical_altar_acropolis,
          nicolae_figureground_pulse
D:3:      layout_loops_ring, nicolae_uskayaw_murder_on_the_dancefloor,
          lightli_temple_of_fire, corner_web_ring, minmay_misc_feat_x,
          uniq_robin
D:4:      layout_rooms
D:5:      layout_basic, water_maze_lemuel

Skill      XL: |  1  2  3  4 |
---------------+-------------+-----
Axes           | 3 4 5 |  5.3
Fighting       | 4 |  4.9
Armour         | 4 |  4.9
Shields        | |  3.6

Action                   |  1- 3 |  4- 6 || total
-------------------------+-------+-------++-------
Melee: War axe           |    86 |    59 ||   145
       Headbutt          |     9 |     8 ||    17
       Unarmed           |       |    13 ||    13
  Use: Potion            |       |     1 ||     1
Armor: Scale mail        |    43 |    37 ||    80
       Skin              |       |     3 ||     3
Dodge: Dodged            |    26 |    43 ||    69
Block: Buckler           |    21 |     9 ||    30
